[Event "XV American Continental 2022"]
[Site "San Salvador"]
[Date "2022.05.09"]
[Round "10.4"]
[White "Pichot, Alan"]
[Black "Kaidanov, Gregory"]
[Result "0-1"]
[ECO "C80"]
[WhiteElo "2652"]
[BlackElo "2556"]
[Annotator "TA"]
[PlyCount "84"]
[EventDate "2022.05.02"]
[EventCountry "ESA"]
[SourceTitle "playchess.com"]
[Source "ChessBase"]
[SourceQuality "1"]
[TimeControl "40/5400+30:1800+30"]

1. e4 {[%emt 0:00:12] ChessBase Website} e5 2. Nf3 Nc6 3. Bb5 a6 4. Ba4 Nf6 5. O-O Nxe4 6. d4 b5 7. Bb3 d5 8. dxe5 Be6 9. Be3 Be7 10. c3 Nc5 11. Bc2 Nd7 12. Re1 {[%emt 0:14:18] C83: Open Ruy Lopez: 9 c3 Be7.} Ndxe5 13. Nxe5 Nxe5 {[%emt 0:00:11] [#]} 14. Qh5 $146 {[%emt 0:00:28] White has an edge.} ({Predecessor:} 14. Bd4 Ng6 15. Bxg7 Rg8 16. Bxg6 Rxg7 17. Rxe6 hxg6 18. Re2 Kf8 19. Nd2 Rh7 20. Nf3 Bf6 21. Qd3 Kg7 22. a4 c6 {½-½ (44) Dominguez Perez,L (2757)-Nakamura,H (2772) Elancourt 2013 CBM 157 [ChessBase Website]}) 14... Ng4 15. Bd4 {[%emt 0:06:37] [#] Black must now prevent Rxe6.} Qd7 (15... g6 16. Bxg6 fxg6 17. Qh3 $14) 16. Nd2 g6 17. Qh3 O-O (17... Nxf2 $2 18. Qg3 $18) 18. b4 {[%emt 0:08:09] Inhibits c5.} Rfe8 (18... a5 $15 19. f3 Bg5) 19. Nb3 $11 f6 20. Rxe6 Qxe6 $17 {[%emt 0:00:12] White is now going downhill.} 21. f3 Qe2 {[%emt 0:00:59][%cal Oe7d6] [#] Threatens to win with ...Bd6!} 22. Qxg4 {[%emt 0:01:12][%cal Oc2g6] aiming for Bxg6!} Qxc2 23. Qe6+ Kg7 {[%emt 0:07:32] Hoping for ...Qf5.} 24. g4 {[%emt 0:06:45] Inhibits Qf5.} Rad8 25. Nc5 Qd2 {[%emt 0:04:13][%cal Od2d4] ...Qxd4+! is the strong threat.} 26. Nd7 (26. Re1 $17) 26... Qf4 $19 27. Re1 $2 (27. a3) 27... Qd6 ({Worse is} 27... Qxf3 28. Rf1 Qe4 29. Bxf6+ Bxf6 30. Qxf6+ Kh6 31. Qh4+ Kg7 32. Qf6+ (32. Nf6 Qe3+ 33. Kg2 h6 $11) 32... Kh6 33. Qh4+ Kg7 34. Qf6+ $11 (34. Nf6 Qe3+ 35. Kg2 h6 $11)) (27... Bd6 $142 28. Bxf6+ Kh6) 28. Nc5 Rc8 {[%emt 0:03:58] Strongly threatening ...Qxe6.} 29. Nxa6 $2 (29. Qe3 {was worth a try.} Kf7 30. Qh6) 29... Qxe6 {[%emt 0:00:35] Black is clearly winning.} 30. Rxe6 Kf7 31. Nc5 Ra8 32. Rc6 Bd6 33. Na6 Re2 {[%emt 0:04:19] And now ...Ke7 would win.} 34. a3 Bxh2+ 35. Kh1 Be5 36. f4 Bxd4 37. cxd4 {[%emt 0:00:04][%mdl 4096] Endgame KRR-KRN} Ra7 38. Rxc7+ Re7 39. Rc6 Re4 40. Nc7 Rxa3 41. Nxb5 Ra1+ 42. Kg2 Rxf4 {[%emt 0:00:59] Weighted Error Value: White=0.42/Black=0.15 (very precise)} 0-1

[Event "XV American Continental 2022"]
[Site "San Salvador"]
[Date "2022.05.09"]
[Round "10.5"]
[White "Yoo, Christopher Woojin"]
[Black "Mekhitarian, Krikor Sevag"]
[Result "1-0"]
[ECO "C80"]
[WhiteElo "2535"]
[BlackElo "2569"]
[Annotator "TA"]
[PlyCount "181"]
[EventDate "2022.05.02"]
[EventCountry "ESA"]
[SourceTitle "playchess.com"]
[Source "ChessBase"]
[SourceQuality "1"]
[TimeControl "40/5400+30:1800+30"]

1. e4 e5 2. Nf3 Nc6 3. Bb5 a6 4. Ba4 Nf6 5. O-O Nxe4 6. d4 Be7 7. Re1 b5 8. Rxe4 d5 9. Nxe5 Nxe5 10. Rxe5 bxa4 11. Nc3 O-O 12. Nxa4 Bd6 13. Re3 Qh4 14. h3 f5 15. Qf3 (15. Re1 $11) 15... Qxd4 $15 16. Rd3 $2 (16. Re1 $15) 16... Re8 $19 17. Re3 Bb7 $1 18. Nc3 f4 (18... Qb6 $1 $19 {Threatens to win with ...d4.} 19. Nxd5 Qa5) 19. Re2 $17 Rxe2 $1 20. Qxe2 Qf6 (20... Rf8 $17 21. Bd2 f3 22. Qe6+ Kh8) 21. Qd3 {[%emt 0:03:42] [#]} (21. Bd2 $11) 21... Re8 (21... f3 $1 $19 {...Re8 is the strong threat.} 22. Bd2 fxg2 23. Nxd5 Qxb2) 22. Bd2 $15 d4 23. Ne2 f3 (23... Qg5 $142 24. f3 c5) 24. Nxd4 $11 Qe5 $1 25. g3 $1 ({Don't blunder} 25. Nxf3 $2 Bxf3 26. g3 Qxb2 $19) 25... Qh5 26. Qf5 Re5 {[%emt 0:08:56] [#]} 27. Qxh5 $1 Rxh5 28. h4 Rd5 29. Bc3 Re5 30. Rd1 g5 31. Nb3 Rf5 32. hxg5 Rxg5 33. Rd4 Rd5 34. Rg4+ Kf7 35. Bd4 h5 36. Rg7+ Kf8 37. Rh7 Rf5 38. c4 Bc6 39. Rh6 Ba4 40. Nd2 a5 41. Nf1 Be8 42. Ne3 Rg5 43. Rf6+ Kg8 44. Rxf3 Bf7 45. b3 a4 46. Nf5 ({Don't play} 46. bxa4 Ra5 $16) 46... Bf8 (46... Be8 $142 47. Nxd6 cxd6) 47. Bf6 $18 Rg6 48. Be7 axb3 49. axb3 Rb6 50. Bxf8 Kxf8 51. Nd4 Kg7 52. Kf1 Bg6 53. Re3 Kf6 54. f4 Ra6 (54... Rd6 $142) 55. c5 Bf7 56. Kf2 Ra5 $2 (56... Ra2+ {was called for.} 57. Re2 Ra1) 57. Re5 $18 Ra3 58. Re3 Ra5 $1 59. Re5 (59. Rc3 $142) 59... Ra3 $1 $18 60. Rf5+ Kg6 61. Rg5+ Kf6 62. c6 Ra2+ 63. Ke3 Rb2 64. Kd3 Rf2 65. Re5 Bg6+ 66. Ke3 Rg2 67. Rg5 Bf7 68. b4 Rb2 69. Rb5 Rg2 70. Rf5+ Ke7 71. Rg5 Rh2 72. Nb5 Rb2 (72... Rc2 $142 73. Nxc7 Rxc6 74. Nd5+ Kd6) 73. Nxc7 $18 Kd6 74. Nb5+ Kxc6 75. Nd4+ Kd6 76. Rf5 Ke7 77. b5 Be8 (77... Rb1 $142 78. Kd2 Bg6) 78. Re5+ $18 Kf8 79. Ne6+ Kg8 80. Rg5+ Kh7 81. Nd4 Rb1 82. Re5 Bf7 83. Rc5 Be8 84. Rg5 Bf7 85. Nf5 Bg6 86. Nd6 Kh6 87. Kd4 h4 88. gxh4 Rb4+ 89. Ke5 Bd3 90. Rg8 Kh5 91. f5 1-0

[Event "XV American Continental 2022"]
[Site "San Salvador"]
[Date "2022.05.09"]
[Round "10.6"]
[White "Proudian, Armen"]
[Black "Krysa, Leandro"]
[Result "1-0"]
[ECO "B62"]
[WhiteElo "2418"]
[BlackElo "2525"]
[Annotator "TA"]
[PlyCount "81"]
[EventDate "2022.05.02"]
[EventCountry "ESA"]
[SourceTitle "playchess.com"]
[Source "ChessBase"]
[SourceQuality "1"]
[TimeControl "40/5400+30:1800+30"]

1. e4 c5 2. Nf3 Nc6 3. d4 cxd4 4. Nxd4 Nf6 5. Nc3 d6 6. Bg5 e6 7. Bb5 Bd7 8. Qd3 $1 {[%emt 0:01:06][%mdl 4] is recently more successful than 8.Bxc6. B62: Sicilian: Richter-Rauzer: 6...e6: Unusual White 7th moves.} Be7 9. O-O-O Nxd4 10. Qxd4 {[%emt 0:15:34] White is slightly better.} Bxb5 11. Nxb5 O-O {[%emt 0:02:15] [#]} 12. Kb1 $146 ({Wrong is} 12. Nxd6 $2 Qxd6 13. Qxd6 Bxd6 14. Bxf6 Bf4+ 15. Kb1 gxf6 $19) ({Predecessor:} 12. h4 Qa5 13. Nc3 Rfc8 14. Kb1 Rc6 15. Qd2 Ra6 16. a3 b5 17. Bxf6 Bxf6 18. Na2 {½-½ (33) Popovic,D (2468)-Dardha,D (2532) Roquetas de Mar 2022}) 12... Qa5 13. Qd3 Rfd8 (13... a6 $5 14. Bxf6 Bxf6 15. Nxd6 Qb6 $11) 14. f4 a6 (14... Rd7 $14) 15. Bxf6 $16 Bxf6 16. Nxd6 Qb6 {[%emt 0:02:59][%csl Gf6][%cal Rb6b2] [#]} 17. e5 Be7 18. g4 {[%emt 0:06:30] 0x0.002add1f4ffedp-1022s more active pieces.} (18. Rhe1 $16) 18... Bxd6 $14 19. exd6 Rd7 20. Rd2 $1 Rad8 21. Rhd1 h5 $1 22. f5 (22. gxh5 {with more complications.} Rxd6 23. Qxd6 Rxd6 24. Rxd6 Qf2 25. Rd8+) 22... exf5 23. gxf5 Rxd6 24. Qxd6 Rxd6 25. Rxd6 $11 {[%emt 0:00:08][%mdl 4096] Endgame KQ-KRR} Qf2 26. Rd8+ Kh7 27. R8d7 Qxf5 28. Rxb7 Qf2 29. b3 Qxh2 30. Rxf7 h4 31. c4 Qe5 32. Rf2 Kh6 (32... h3 $5 33. Rc2 Qe4 $11) 33. Rc2 {[%emt 0:00:32] [#] Black must now prevent c5.} Qc5 $1 34. Rd5 Qg1+ (34... Qc6 $1 $11 {and Black has nothing to worry.}) 35. Kb2 $18 {[%emt 0:00:30] Threatens to win with c5.} h3 $2 (35... Qh1 {was worth a try.}) 36. Rd3 {[%emt 0:00:40] White is clearly winning.} Qf1 37. Rdc3 ({Weaker is} 37. Rd6+ Kg5 $16) 37... g5 {[%emt 0:01:23] Hoping for ...g4.} 38. c5 {[%emt 0:00:21][%cal Bc4c5,Bc5c6,Bc6c7][%mdl 32] And now c6 would win.} g4 {[%emt 0:00:25] Strongly threatening ...Qf7.} 39. c6 {[%emt 0:00:06] c7 would kill now.} Qf5 40. c7 Qc8 41. Rd2 {[%emt 0:33:03] Weighted Error Value: White=0.05 (flawless) /Black=0.33} 1-0

[Event "XV American Continental 2022"]
[Site "San Salvador"]
[Date "2022.05.09"]
[Round "10.7"]
[White "Cabezas Solano, David Alejandro"]
[Black "Thavandiran, Shiyam"]
[Result "0-1"]
[ECO "C02"]
[WhiteElo "2084"]
[BlackElo "2399"]
[Annotator "TA"]
[PlyCount "136"]
[EventDate "2022.05.02"]
[EventCountry "ESA"]
[SourceTitle "playchess.com"]
[Source "ChessBase"]
[SourceQuality "1"]
[TimeControl "40/5400+30:1800+30"]

1. e4 e6 2. d4 d5 3. e5 c5 4. c3 Nc6 5. Nf3 Bd7 6. Be2 Nge7 7. O-O Ng6 8. a3 {[%emt 0:05:57] C02: French: Advance Variation.} f6 {[%emt 0:05:47] [#]} 9. b4 $146 (9. exf6 $14 cxd4 10. f7+ (10. Nxd4 Qxf6 11. Be3 Bd6 $11) 10... Kxf7 11. cxd4) ({Predecessor:} 9. Bd3 Qc7 10. Re1 O-O-O 11. Qe2 Be7 12. b4 fxe5 13. dxe5 Rdf8 14. g3 Rf7 15. b5 Na5 {0-1 (26) Calugar,A (2299)-Sadorra,J (2551) Richardson 2013}) 9... fxe5 $15 {[%emt 0:07:15] [#] Threatens to win with ...e4.} 10. b5 {[%emt 0:00:54] The position is equal.} Na5 11. Nxe5 Nxe5 12. dxe5 Qc7 13. Bf4 c4 14. a4 Nb3 15. Ra2 a6 16. Qc2 {[%emt 0:02:34] [#]} (16. Nd2 $142) 16... Be7 $1 $17 (16... axb5 17. Bh5+ g6 18. Bxg6+ Kd8 19. Bxh7 $17) 17. Bg4 (17. Nd2 $17 {was necessary.}) 17... O-O $19 (17... axb5 18. axb5 Rxa2 19. Qxa2) 18. Bg3 axb5 19. axb5 Qb6 20. Nd2 Rxa2 (20... Qxb5 21. Rb1 $17) (20... Bxb5 21. Rxa8 Rxa8 22. Nxb3 cxb3 23. Qxb3 $15) 21. Qxa2 Nxd2 (21... Bxb5 22. Nxb3 cxb3 23. Qxb3 $14) 22. Qxd2 Qxb5 23. Qc2 (23. Bf4 $17 {might work better.}) 23... Ra8 24. h4 Qa4 25. Qd2 Qa2 26. Qd4 Qa7 27. Qd2 Qa2 28. Qd4 Qa7 {[%emt 0:00:09] And now ...Qxd4 would win.} 29. Qd2 b5 30. Kh2 Qa2 31. Qd4 Qa7 (31... b4 $142 32. cxb4 Qa7) 32. Qd2 $1 Qb7 33. f4 (33. Rb1 {was called for.}) 33... b4 34. cxb4 Qxb4 ({Inferior is} 34... Bxb4 35. Rb1 Rb8 36. Qd4 $17) 35. Qd1 Qa4 {[%emt 0:00:57] Strongly threatening ...Qxd1.} 36. Qd4 Qa7 37. Qb2 Rb8 38. Ra1 Qc7 ({Don't play} 38... Rxb2 39. Rxa7 Kf7 40. Rxd7 $18) 39. Qc2 g6 ({Better is} 39... c3 $19 40. Bf3 Bc5) 40. h5 $17 Kg7 41. Ra6 (41. Bf2 $17) 41... Qc8 42. Ra7 Bc5 43. Ra1 Bd4 44. Rf1 Rb2 (44... Qd8 $17 {Hoping for ...Rb2.} 45. Qd2 Bc5) 45. Qc1 ({White should play} 45. Qd1 $15 Bc5 46. Bh4) 45... c3 (45... Qd8 $17 {aiming for ...Ra2.} 46. f5 exf5) 46. f5 (46. Bh4 $1 $11) 46... exf5 {[%emt 0:00:09] Chess con chili. Black is much more active.} 47. Qg5 Qf8 {[%emt 0:01:39] Against Qf6+} (47... fxg4 {is a self mate.} 48. Qf6+ Kg8 49. h6) 48. h6+ $2 {[%emt 0:04:48][%mdl 8192] White does not recover from this.} (48. Bf3 $17 {is more resistant.}) 48... Kg8 49. Bxf5 $2 (49. Bf3 Be6 50. Rd1) 49... Bxf5 $19 {[%emt 0:00:06] Black is clearly winning.} 50. Rxf5 Qxf5 51. Qd8+ Kf7 52. Qxd5+ Qe6 53. Qxd4 {[%emt 0:02:49][%mdl 4096] Endgame KQR-KQB} Qc6 54. e6+ Kxe6 55. Qg4+ Kf7 56. Be5 Rf2 (56... Rd2 $142 57. Bf4 Rd4) 57. Qg3 Rf5 58. Bxc3 Qc5 {[%emt 0:00:49] ( -> ...Rh5+)} 59. Qd3 Rh5+ 60. Kg3 Qg5+ (60... Rd5 $142 61. Qf3+ Kg8) 61. Kf2 Qf5+ 62. Qxf5+ Rxf5+ {[%emt 0:00:03] KR-KB} 63. Ke3 Rh5 (63... g5 $142 64. Bb4 Rf6) 64. Bg7 Ke6 65. g4 (65. Kf4 $142 Ra5 66. Kg4) 65... Ra5 66. Kf4 g5+ 67. Ke4 Ra4+ 68. Bd4 Rb4 {[%emt 0:00:12] Weighted Error Value: White=0.68/Black=0.42} 0-1

[Event "XV American Continental 2022"]
[Site "San Salvador"]
[Date "2022.05.09"]
[Round "10.8"]
[White "Arias Gaviria, Mario Alexis"]
[Black "Figueredo Losada, Leonel"]
[Result "0-1"]
[ECO "A56"]
[WhiteElo "2181"]
[BlackElo "2337"]
[Annotator "TA"]
[PlyCount "118"]
[EventDate "2022.05.02"]
[EventCountry "ESA"]
[SourceTitle "playchess.com"]
[Source "ChessBase"]
[SourceQuality "1"]
[TimeControl "40/5400+30:1800+30"]

1. d4 Nf6 2. c4 c5 3. d5 a6 4. e3 e6 5. Nc3 exd5 6. Nxd5 {[%emt 0:02:33] A56: Czech Benoni.} Nxd5 {[%emt 0:00:15] [#]} 7. cxd5 $146 ({Predecessor:} 7. Qxd5 d6 8. Nf3 Nc6 9. Bd2 Be6 10. Qe4 Be7 11. Bc3 Bf6 12. a3 O-O 13. Qc2 {0-1 (30) Ganiev,T (1960)-Gavrilov,A (2153) Gornozavodsk 2009}) 7... b5 8. Nf3 {[%emt 0:08:53] White has an edge.} d6 9. a4 b4 10. b3 Be7 11. Bd3 Bf6 {[%emt 0:07:44] Inhibits Bb2.} 12. Ra2 Bg4 13. h3 Bxf3 14. Qxf3 O-O 15. O-O Nd7 16. Qe4 g6 17. f4 Bc3 18. g4 Nb6 19. a5 $1 {[%emt 0:12:17] [#]} Re8 $1 20. Qf3 {[%emt 0:00:03] [#]} c4 $1 21. bxc4 (21. axb6 cxd3) 21... Nd7 22. e4 Qf6 (22... b3 $15 23. Re2 f6) 23. Kh1 Nc5 {[%emt 0:05:35] Threatens to win with ...b3.} 24. Bb1 Qd4 25. Re2 Qxc4 26. e5 Ra7 27. e6 fxe6 28. f5 e5 $1 $36 {[%emt 0:01:56][%mdl 2048] Black has the initiative.} (28... Qb3 $2 29. Ba2 Qxa2 30. Rxa2 $18) 29. fxg6 e4 30. Qf7+ {[%emt 0:05:48][%mdl 8192] Black continues to play with concentration.} Rxf7 $19 31. gxf7+ Kf8 32. Bh6+ Ke7 33. fxe8=Q+ Kxe8 34. Ref2 {[%emt 0:00:39] Intending Rf8+ and mate.} Qxd5 35. Rf5 Be5 {[%emt 0:00:54] Active counter play!} 36. Be3 Ne6 {[%emt 0:01:00] Hoping for ...Qb3.} 37. Kg2 Qb3 38. Re1 Qc3 39. Rff1 {[%emt 0:00:29] [#]} (39. Bf2 $142 Nc5 40. Re2 (40. Bxe4 $2 Nxe4 41. Rxe4 b3 $19)) 39... Bf4 $1 40. Bxf4 (40. Bxe4 Bxe3) 40... Nxf4+ {[%emt 0:00:04][%mdl 64] Remove Defender} 41. Rxf4 Qd2+ 42. Re2 Qxe2+ {[%emt 0:00:00][%mdl 4096] Endgame KQ-KRB} 43. Rf2 Qe3 44. h4 d5 45. g5 d4 46. Bc2 d3 {[%emt 0:00:00][%cal Oe3f2] ( -> ...Qxf2+!)} 47. Bd1 d2 {[%emt 0:00:00] ...Ke7 is the strong threat.} 48. Bh5+ Ke7 49. Rf7+ Ke6 {[%emt 0:00:00] aiming for ...Qe1.} 50. Rxh7 {[%emt 0:00:00] [#]} Qf3+ $3 {[%emt 0:00:00][%mdl 512] Black mates.} 51. Bxf3 exf3+ {[%emt 0:00:00] KR-KP} 52. Kg3 d1=Q {[%emt 0:00:00] KQ-KR} 53. Rh6+ Ke5 54. Rf6 b3 55. Rb6 Qg1+ 56. Kxf3 {[%emt 0:00:00] [#]} Qxb6 $3 57. axb6 b2 58. g6 Kf6 59. g7 Kxg7 {[%emt 0:00:00] Weighted Error Value: White=0.49/Black=0.11 (very precise)} 0-1

[Event "XV American Continental 2022"]
[Site "San Salvador"]
[Date "2022.05.09"]
[Round "10.9"]
[White "Hernandez Alvarez, Tania Regla"]
[Black "Sarkar, Justin"]
[Result "0-1"]
[ECO "A09"]
[WhiteElo "2022"]
[BlackElo "2325"]
[Annotator "TA"]
[PlyCount "74"]
[EventDate "2022.05.02"]
[EventCountry "ESA"]
[SourceTitle "playchess.com"]
[Source "ChessBase"]
[SourceQuality "1"]
[TimeControl "40/5400+30:1800+30"]

1. Nf3 d5 2. c4 d4 3. b4 Bg4 4. d3 Bxf3 5. exf3 e5 6. a3 {[%emt 0:00:09] A09: Réti Opening: 1 Nf3 d5 2 c4.} a5 7. b5 Bd6 {[%emt 0:05:10] [#]} 8. Nd2 $146 {[%emt 0:06:13] The position is equal.} ({Predecessor:} 8. g3 Nd7 9. Nd2 Ngf6 10. Bg2 Nc5 11. Qc2 O-O 12. O-O Nfd7 13. Bb2 Qf6 14. Ne4 Nxe4 15. fxe4 {1-0 (36) Kozul,Z (2611)-Kuljasevic,D (2538) Pozega 2018}) 8... Ne7 (8... Nf6 $11) 9. Ne4 $14 {[%emt 0:03:03] Strongly threatening c5.} Ng6 10. Nxd6+ Qxd6 11. g3 Nd7 12. h4 h5 13. Bh3 Nc5 14. a4 b6 (14... O-O $1 $11 {keeps the balance.}) 15. O-O $16 O-O 16. Ba3 f5 (16... Rfe8 $16) 17. Bxc5 $2 (17. f4 $1 $18) 17... bxc5 $2 (17... Qxc5 $11 {and Black is okay.} 18. Re1 Rad8) 18. f4 $1 $18 exf4 (18... Qf6 $16) 19. Qxh5 $2 (19. Bg2 $18 {Black must now prevent Bd5+.} Rae8 20. Bd5+ (20. Qxh5 Ne7 $16) 20... Rf7 21. Qf3 (21. Qxh5 fxg3 22. Bxf7+ Kxf7 $18)) 19... fxg3 $11 {[%emt 0:01:07] Hoping for ...Nf4.} 20. Bxf5 Rf6 21. Be4 gxf2+ 22. Rxf2 ({Don't go for} 22. Kh1 $2 Qg3 23. Bd5+ Kf8 $19) 22... Rxf2 {[%emt 0:06:12][%csl Gf2][%cal Rd6h2] Really sharp!} 23. Qd5+ (23. Kxf2 Rf8+ 24. Ke1 Qg3+ 25. Kd1 Qg1+ 26. Kc2 Rf2+ 27. Kb3 Qxa1) 23... Qxd5 24. Bxd5+ Rf7 25. Bxa8 {[%emt 0:00:12][%mdl 4096] Endgame aiming for Bd5. KRB-KRN} Kf8 26. h5 Nf4 27. Be4 Rf6 28. Re1 Ke7 29. Bc6+ $2 {[%emt 0:06:50] [#]} (29. Kh2 $11) 29... Re6 $1 $19 30. Rd1 {[%emt 0:02:21] [#]} Re3 $1 ({Weaker is} 30... Nxh5 31. Kf2 $17) 31. Be4 Nxh5 32. Rf1 $2 (32. Kf2) 32... Ng3 {[%emt 0:00:50][%csl LRe4,LRf1] Black is clearly winning.} 33. Rf2 Nxe4 34. dxe4 Rxe4 {[%emt 0:03:02] Threatens to win with ...d3.} 35. Rf5 d3 36. Rd5 Rd4 {[%emt 0:00:15] ( -> ...d2)} 37. Re5+ Kd6 {[%emt 0:00:19] What a bad dream for White.  Weighted Error Value: White=0.83/Black=0.23 (precise)} 0-1

[Event "XV American Continental 2022"]
[Site "San Salvador"]
[Date "2022.05.09"]
[Round "10.10"]
[White "Noboa Silva, Kevin"]
[Black "Morales, Carlos"]
[Result "0-1"]
[ECO "E41"]
[WhiteElo "2323"]
[BlackElo "2005"]
[Annotator "TA"]
[PlyCount "92"]
[EventDate "2022.05.02"]
[EventCountry "ESA"]
[SourceTitle "playchess.com"]
[Source "ChessBase"]
[SourceQuality "1"]
[TimeControl "40/5400+30:1800+30"]

1. d4 Nf6 2. c4 e6 3. Nc3 Bb4 4. e3 c5 5. Bd3 Nc6 6. Nge2 O-O 7. O-O d5 8. cxd5 {[%emt 0:00:45] is the legacy move (8.a3).} exd5 9. dxc5 {[%emt 0:03:30] [#] E48: Nimzo-Indian: Rubinstein: 5 Bd3 d5 including 6 Ne2, but excluding 6 a3.} Qe7 $146 ({Predecessor:} 9... Bxc5 10. Bc2 d4 11. Na4 b6 12. Nxc5 bxc5 13. Ba4 Bb7 14. Bxc6 Bxc6 15. exd4 Qd5 16. f3 Rfd8 17. Be3 Bb5 {1-0 (30) Horvath,D (2481)-Schmidt,T (2272) Chess.com INT 2022}) 10. Na4 $1 Bxc5 11. Nxc5 {[%emt 0:02:25] White is better.} Qxc5 12. a3 Rd8 13. b4 Qe7 14. Bb2 Ne5 15. Rc1 Nc4 16. Qc2 Nxb2 17. Qxb2 Be6 18. Rfd1 g6 19. Qd4 Bg4 20. f3 Be6 21. Nf4 a5 22. Bb5 axb4 23. axb4 (23. Qxb4 Qxb4 24. axb4 Rdc8 $11) 23... Bf5 24. Rc5 Rac8 25. Rdc1 Rxc5 26. Rxc5 ({Don't play} 26. Qxc5 Qe5 27. Rd1 Rc8 $14) 26... Rd6 27. Ba4 g5 {[%emt 0:16:20] [#]} 28. Ne2 Re6 29. Rc8+ Kg7 30. Rc3 (30. h4 {with more complications.} h6 31. Ra8 Qc7 32. hxg5 hxg5 33. Bb3) 30... Re5 (30... Ra6 $142 31. b5 Ra8) 31. Ng3 Bg6 32. Bb3 Kg8 33. Nf1 (33. Rc8+ $142 Kg7 34. Kf2) 33... h6 34. Rc5 ({White should play} 34. g4 $16) 34... Kh7 35. e4 (35. Rb5 $16) 35... g4 $11 36. Bxd5 (36. exd5 $5 Re1 37. Rc3 $14 (37. fxg4 Qe4 $11)) 36... gxf3 37. gxf3 {[%cal Od5f7] Threatens to win with Bxf7!} Qd6 38. Ng3 {And now f4 would win.} Rg5 $1 39. Kf2 Nh5 (39... Qf4 $1 $11) 40. Rc8 $16 Nf6 {[#]} 41. Qe3 $2 ({White should try} 41. Qc3 $1 $16) 41... Qxb4 (41... Nxd5 $15 42. exd5 Qxb4) 42. h4 $2 {[%mdl 8192] Now White is beyond hope.} (42. Bc4 $14) 42... Nxd5 $19 43. exd5 Qxh4 44. f4 Qh2+ {Black mates.} 45. Kf1 Rxg3 46. Qd4 Bd3+ {Weighted Error Value: White=0.63/Black=0.18 (very precise)} 0-1

[Event "XV American Continental 2022"]
[Site "San Salvador"]
[Date "2022.05.09"]
[Round "10.11"]
[White "Del Castilho, Martyn"]
[Black "Cervantes Landeiro, Thalia"]
[Result "0-1"]
[ECO "B90"]
[WhiteElo "2289"]
[BlackElo "2193"]
[Annotator "TA"]
[PlyCount "60"]
[EventDate "2022.05.02"]
[EventCountry "ESA"]
[SourceTitle "playchess.com"]
[Source "ChessBase"]
[SourceQuality "1"]
[TimeControl "40/5400+30:1800+30"]

1. e4 c5 2. Nc3 a6 3. Nf3 d6 4. d4 cxd4 5. Nxd4 Nf6 6. f3 e5 7. Nb3 Be6 8. Be3 h5 9. Qd2 Nbd7 10. Nd5 {[%emt 0:00:15] 10.Nd5 scores better than 10.0-0-0. B90: Sicilian Najdorf: Unusual White 6th moves, 6 Be3 Ng4 and 6 Be3 e5.} Bxd5 11. exd5 g6 12. O-O-O {[%emt 0:01:20] White has an edge.} b5 13. Kb1 Rc8 14. Na5 {[%emt 0:12:57] And now c4 would win.} Qc7 (14... Nxd5 $2 15. Nb7 Nxe3 16. Nxd8 Nxd1 17. Nb7 $18 (17. Qxd1 Rxd8 18. Qd5 Bg7 $16)) ({Better is} 14... Nb6 $1 $14) 15. c4 $1 $18 Bg7 16. Nc6 {[%emt 0:07:27] [#]} Nb6 $146 ({Predecessor:} 16... bxc4 17. Bxc4 Nb8 18. Na7 Rd8 19. Rc1 Qb7 20. Nc6 O-O 21. Nxd8 Rxd8 22. Qa5 Re8 {1-0 (39) Manik,M (2521)-Soham,D (2002) Mumbai 2020}) 17. Rc1 Nxc4 18. Bxc4 bxc4 19. Rxc4 O-O 20. Rhc1 Rce8 21. Bg5 Qd7 22. Ra4 ({White should play} 22. Bxf6 $14 Bxf6 23. Ka1) 22... Qf5+ $11 23. Ka1 $1 e4 (23... Nxd5 $5 24. Rxa6 Nf6 $11) 24. Rxa6 (24. Bf4 $1 $11) 24... exf3 $17 25. gxf3 (25. Nd4 $17 {was the only chance.} Qxd5 26. Ra5) 25... Qxf3 $19 {[%emt 0:00:25] Threatens to win with ...Ne4.} 26. Qf4 (26. Bxf6 {might work better.} Bxf6 27. Rb6) 26... Qe2 27. Bxf6 Qxa6 28. Ne7+ $2 {[%emt 0:08:15] [#]} (28. Bxg7 Kxg7 29. a3 (29. Rf1 $2 Re4 $19)) 28... Rxe7 $1 {[%emt 0:02:16][%mdl 512] Black is clearly winning.} 29. Bxe7 Ra8 30. a4 Qb5 {[%emt 0:02:49] Weighted Error Value: White=0.81/Black=0.14 (very precise)} 0-1